 Dungeon Crawl Stone Soup version 0.27.1-4-g1640c2035a (webtiles) character file.

Game seed: 5865559239660455684

9409 Crownlay the Thaumaturge (level 11, -7/54 HPs)
             Began as a Gargoyle Earth Elementalist on Nov 7, 2021.
             Was an Initiate of Vehumet.
             Mangled by a vampire mosquito (10 damage)
             ... on level 10 of the Dungeon.
             The game lasted 00:26:55 (14000 turns).

Crownlay the Thaumaturge (GrEE)                    Turns: 14000, Time: 00:26:56

Health: -7/54      AC: 10    Str: 19    XL:     11   Next: 46%
Magic:  22/27      EV: 11    Int: 18    God:    Vehumet [......]
Gold:   661        SH:  0    Dex: 10    Spells: 30/34 levels left

rFire    . . .     SeeInvis +   C - +10 long sword of the Scavenger {flame, Str+3}
rCold    + . .     Faith    .   (no shield)
rNeg     + . .     Spirit   .   l - +1 robe of Xom's Inspiration {rElec Slay+3 SInv}
rPois    ∞         Reflect  .   H - +0 helmet
rElec    +         Harm     .   m - scarf {+Inv}
rCorr    .         Rampage  .   P - +0 pair of gloves
Will     .....                  h - +0 pair of boots of Card Tricks {*Corrode rC+ Str+3}
Stlth    ++........             (no amulet)
HPRegen  0.18/turn              (no ring)
MPRegen  0.20/turn              (no ring)

@: marked, corroded
A: sickness immunity, AC +8, negative energy resistance 1, electricity
resistance, torment resistance 1, petrification resistance
a: Renounce Religion, Evoke Invisibility


You were on level 10 of the Dungeon.
You worshipped Vehumet.
Vehumet was noncommittal.
You visited 2 branches of the dungeon, and saw 11 of its levels.
You also visited: Ossuary.

You collected 716 gold pieces.
You spent 55 gold pieces at shops.

Inventory:

Hand Weapons
 C - the +10 long sword of the Scavenger (weapon) {flame, Str+3}
   (You took it off a wight on level 6 of the Dungeon)

   It burns those it strikes, dealing additional fire damage.
   Big, fiery blades are also staple armaments of hydra-hunters.
   Str:       It affects your strength (+3).
Missiles
 b - 99 stones
 E - a curare-tipped dart
Armour
 h - the +0 pair of boots of Card Tricks (worn) {*Corrode rC+ Str+3}
   (You acquired it on level 5 of the Dungeon)

   Str:       It affects your strength (+3).
   rC:        It protects you from cold.
   *Corrode:  It may corrode you when you take damage.
 l - the +1 robe of Xom's Inspiration (worn) {rElec Slay+3 SInv}
   (You found it on level 4 of the Dungeon)

   Slay:      It affects your accuracy & damage with ranged weapons and melee
   (+3).
   rElec:     It insulates you from electricity.
   SInv:      It lets you see invisible.
 m - a scarf of invisibility (worn)
 H - a +0 helmet (worn)
 P - a +0 pair of gloves (worn)
Magical Staves
 J - a staff of earth
Jewellery
 K - an amulet of faith
 N - a ring of see invisible
Wands
 c - a wand of flame (38)
 t - a wand of mindburst (14)
 u - a wand of acid (2)
 F - a wand of paralysis (7)
Scrolls
 a - 10 scrolls of teleportation
 g - 2 scrolls of enchant armour
 o - a scroll of identify
 p - 2 scrolls of silence {unknown}
 q - 3 scrolls of magic mapping
 s - 2 scrolls of vulnerability {unknown}
 w - 4 scrolls of amnesia
 x - a scroll of enchant weapon {unknown}
 y - a scroll of fog {unknown}
 B - 3 scrolls of fear
 G - a scroll of summoning {unknown}
 I - a scroll of holy word
 M - a scroll of blinking {unknown}
 O - 2 scrolls of noise {unknown}
Potions
 d - a potion of berserk rage {unknown}
 e - a potion of magic {unknown}
 f - 4 potions of curing
 i - 2 potions of ambrosia
 j - 2 potions of lignification {unknown}
 k - 2 potions of invisibility {unknown}
 n - 2 potions of mutation {unknown}
 r - 4 potions of heal wounds
 v - a potion of cancellation {unknown}
 z - a potion of flight {unknown}
 A - 3 potions of attraction {unknown}
 D - a potion of brilliance {unknown}
 L - a potion of haste {unknown}


   Skills:
 - Level 1.5 Dodging
 - Level 2.1 Stealth
 + Level 12.1 Spellcasting
 + Level 6.4 Conjurations
 - Level 0.7 Transmutations
 - Level 10.0 Earth Magic
 * Level 5.6 Evocations


You had 30 spell levels left.
You knew the following spells:

 Your Spells              Type           Power      Damage    Failure   Level
a - Sandblast             Erth           92%        2d19      1%          1
b - Stone Arrow           Conj/Erth      80%        3d12      1%          3

Your spell library contained the following spells:

 Spells                   Type           Power      Damage    Failure   Level
 Passwall                 Tmut/Erth      25%        N/A       1%          2
 Conjure Flame            Conj/Fire      22%        6-21      4%          3
 Petrify                  Tmut/Erth      30%        N/A       7%          4
 Ignite Poison            Fire/Tmut/Pois 11%        N/A       17%         3
 Sticky Flame             Conj/Fire      22%        2d4       17%         4
 Gell's Gravitas          Tloc           5%         N/A       19%         3
 Lesser Beckoning         Tloc           5%         N/A       19%         3
 Teleport Other           Tloc           10%        N/A       19%         3
 Metabolic Englaciation   Hex/Ice        5%         N/A       87%         5
 Dispersal                Tloc           5%         N/A       100%        6
 Statue Form              Tmut/Erth      Unusable   N/A       N/A         6

Dungeon Overview and Level Annotations

Branches:
Dungeon (10/15)            Temple (1/1) D:4            Lair (0/6) D:8
Ossuary (visited)
    Orc: D:9-12

Altars:
Ashenzari
Cheibriados
Dithmenos
Elyvilon
Fedhas
Gozag
Hepliaklqana
Kikubaaqudgha
Makhleb
Nemelex Xobeh
Okawaru
Qazlal
Ru
Sif Muna
Trog
Uskayaw
Vehumet
Wu Jian
Zin
The Shining One

Shops:
D:7 *

Annotations:
D:8 3 runed translucent doors, Crownlay's ghost, novice MiGl


Innate Abilities, Weirdness & Mutations

You are immune to sickness and miasma.
Your stone body is resilient. (AC +8)
You are immune to poison.
You resist negative energy. (rN+)
You are resistant to electric shocks. (rElec)
You are resistant to unholy torment.
You are immune to petrification.


Message History

You riposte.
You slash the vampire mosquito! You burn the vampire mosquito.
The vampire mosquito is heavily damaged.
The meliai zombie hits you.
The meliai zombie hits you but does no damage.
The killer bee stings you. The meliai zombie hits you.
The meliai zombie hits you but does no damage.
Casting: Stone Arrow (safe; 1% risk of failure)
Confirm with . or Enter, or press ? or * to list all spells.
Aiming: Sandblast (safe; 1% risk of failure)
Press: ? - help, Shift-Dir - straight line, f/p - meliai zombie
Aim: a meliai zombie (moderately damaged, 85% to hit)
The blast of sand hits the meliai zombie!
The meliai zombie is severely damaged.
b - 100 stones The killer bee stings you but does no damage.
The vampire mosquito bites you but does no damage.
The vampire mosquito bites you.
* * * LOW HITPOINT WARNING * * *
The killer bee barely misses you. The meliai zombie barely misses you.
The meliai zombie hits you but does no damage.
Cornered, the killer bee turns to fight!
The vampire mosquito barely misses you. The vampire mosquito misses you.
The vampire mosquito bites you but does no damage.
Casting: Sandblast (safe; 1% risk of failure)
Confirm with . or Enter, or press ? or * to list all spells.
Aiming: Sandblast (safe; 1% risk of failure)
Press: ? - help, Shift-Dir - straight line, f/p - meliai zombie
Aim: a meliai zombie (severely damaged, 85% to hit)
The blast of sand hits the meliai zombie!!
You destroy the meliai zombie!
Vehumet accepts your kill.
b - 99 stones The killer bee stings you.
* * * LOW HITPOINT WARNING * * *
The vampire mosquito bites you.
* * * LOW HITPOINT WARNING * * *
The vampire mosquito bites you.
* * * LOW HITPOINT WARNING * * *
The vampire mosquito bites you!
You die...

#...........#.....
#######..).....#
#........# #........#.#
#...[....#.# .#
#........#.# .#
####'#####.# #.#
####'#####.###.#
#...)@yy##.#...#
#..(yyy........##### #
#.y..u..≈≈≈≈≈......#.#
#.....≈≈≈...≈≈≈....!..
####..≈...O..≈≈≈≈≈≈...
###.....≈≈≈...≈≈≈≈≈≈.
..........≈≈≈≈≈≈......≈≈≈
.........≈≈≈..u≈≈≈......≈
............._...≈≈≈≈≈...


You could see 2 ugly things, a two-headed ogre, 4 vampire mosquitoes and 2
killer bees.

Vanquished Creatures
  2 two-headed ogres (D:9)
  4 centaur zombies
  A kobold demonologist (D:9)
  A yaktaur (D:10)
  Grinder (D:3)
  A meliai zombie (D:10)
  2 wraiths (Ossuary)
  3 wyverns
  17 yaks
  A water moccasin (D:7)
  2 acid dragons (D:9)
  Duvessa (D:5)
  3 sky beasts
  An ice beast (D:6)
  A black bear (D:4)
  A necrophage (D:7)
  3 centaurs
  A phantom (D:6)
  2 kobold brigands (D:8)
  A bullfrog (D:8)
  2 scorpions
  2 wyvern zombies (D:9)
  Dowan (D:5)
  A water moccasin skeleton (D:4)
  A wyvern skeleton (D:6)
  10 killer bees (D:9)
  8 wights
  2 howler monkeys
  2 bullfrog zombies
  3 hounds
  4 jellies
  3 orc priests
  Crazy Yiuf (D:3)
  A bullfrog skeleton (D:6)
  2 gnoll shamans
  4 iguanas
  7 orc wizards
  A killer bee zombie (D:8)
  A hound skeleton (D:4)
  5 howler monkey zombies
  9 gnolls
  2 howler monkey skeletons
  A shadow imp (D:6)
  7 adders
  A white imp (D:8)
  2 ufetubi (D:6)
  2 adder zombies (Ossuary)
  3 worms (D:2)
  5 dart slugs
  17 orcs
  6 ball pythons
  4 endoplasms
  4 giant cockroaches
  3 goblins
  6 hobgoblins
  8 jackals
  2 quokkas
  4 bats
  3 frilled lizards
  2 hobgoblin skeletons (Ossuary)
  A hobgoblin zombie (Ossuary)
  13 kobolds
  2 orc skeletons (Ossuary)
  2 orc zombies (Ossuary)
  9 rats
228 creatures vanquished.

Vanquished Creatures (others)
  4 plants (D:8)
4 creatures vanquished.

Grand Total: 232 creatures vanquished

Notes
Turn   | Place    | Note
-------+----------+-------------------------------------------
     0 | D:1      | Crownlay the Gargoyle Earth Elementalist began the quest
                  | for the Orb.
     0 | D:1      | Reached XP level 1. HP: 10/10 MP: 3/3
   161 | D:1      | Reached XP level 2. HP: 15/15 MP: 0/5
   234 | D:1      | Found a faded altar of an unknown god.
   978 | D:1      | Reached XP level 3. HP: 18/19 MP: 7/7
  1144 | D:2      | Learned a level 3 spell: Stone Arrow
  1157 | D:2      | Reached skill level 3 in Spellcasting
  2085 | D:2      | Reached XP level 4. HP: 20/24 MP: 9/9
  2669 | D:3      | Noticed Grinder
  2679 | D:3      | Killed Grinder
  2680 | D:3      | Reached skill level 4 in Spellcasting
  2680 | D:3      | Reached skill level 5 in Earth Magic
  2680 | D:3      | Reached XP level 5. HP: 15/28 MP: 0/12
  2680 | D:3      | Reached XP level 6. HP: 17/32 MP: 0/13
  2975 | D:3      | Found a glowing silver altar of Zin.
  3189 | D:3      | Reached skill level 5 in Spellcasting
  3741 | D:3      | Found a runed translucent door.
  3742 | D:3      | Noticed Crazy Yiuf
  3761 | D:3      | Killed Crazy Yiuf
  3990 | D:4      | Identified the +1 robe of Xom's Inspiration {rElec Slay+3
                  | SInv}
  4660 | D:3      | Reached XP level 7. HP: 27/36 MP: 0/15
  4854 | D:5      | Entered Level 5 of the Dungeon
  4865 | D:5      | Identified a scroll of acquirement
  4865 | D:5      | Acquired the +0 pair of boots of Card Tricks {*Corrode rC+
                  | Str+3}
  4988 | D:5      | Found a sparkling altar of Nemelex Xobeh.
  5282 | D:5      | Found a sand-covered staircase.
  5290 | Ossuary  | Entered an ossuary
  5628 | Ossuary  | Noticed a flying skull
  5628 | Ossuary  | Noticed a wraith
  5662 | Ossuary  | Noticed a flying skull
  5747 | Ossuary  | Noticed a wraith
  5751 | Ossuary  | Killed a wraith
  5752 | Ossuary  | Reached skill level 6 in Spellcasting
  5838 | Ossuary  | Noticed a flying skull
  5844 | Ossuary  | Noticed a wraith
  5912 | Ossuary  | Killed a wraith
  6175 | Ossuary  | Noticed a flying skull
  6184 | Ossuary  | Reached XP level 8. HP: 41/41 MP: 11/18
  6437 | D:4      | Reached skill level 7 in Spellcasting
  6875 | D:4      | Found a staircase to the Ecumenical Temple.
  6881 | Temple   | Entered the Ecumenical Temple
  7408 | D:5      | Noticed Duvessa
  7408 | D:5      | Noticed Dowan
  7412 | D:5      | Killed Duvessa
  7414 | D:5      | Killed Dowan
  7692 | D:5      | Reached skill level 8 in Spellcasting
  8369 | D:6      | Reached XP level 9. HP: 40/45 MP: 1/21
  8588 | D:6      | Reached skill level 9 in Spellcasting
  8604 | D:6      | Identified the +10 long sword of the Scavenger {flame,
                  | Str+3}
  9158 | D:6      | Found a stormy altar of Qazlal.
  9915 | D:7      | Reached skill level 10 in Spellcasting
 10109 | D:7      | Found Ruawaoxt's General Store.
 10112 | D:7      | Bought a potion of curing for 33 gold pieces
 10112 | D:7      | Bought a scroll of identify for 22 gold pieces
 10547 | D:8      | Reached skill level 10 in Earth Magic
 10770 | D:8      | Reached XP level 10. HP: 43/50 MP: 12/24
 10873 | D:8      | Found a staircase to the Lair.
 10949 | D:8      | Reached skill level 1 in Conjurations
 10949 | D:8      | Reached skill level 1 in Evocations
 11169 | D:8      | Found a runed translucent gate.
 11169 | D:8      | Found a runed translucent gate.
 11169 | D:8      | Found a runed translucent gate.
 11171 | D:8      | Noticed a ten-headed hydra
 11171 | D:8      | Noticed Crownlay's ghost (novice MiGl)
 11262 | D:8      | Reached skill level 11 in Spellcasting
 12085 | D:9      | Acquired a staff of earth
 12108 | D:9      | Noticed a two-headed ogre
 12113 | D:9      | Killed a two-headed ogre
 12369 | D:9      | Noticed a kobold demonologist
 12375 | D:9      | Killed a kobold demonologist
 12474 | D:9      | Reached XP level 11. HP: 54/54 MP: 8/26
 12701 | D:9      | Reached skill level 12 in Spellcasting
 12707 | D:9      | Reached skill level 5 in Conjurations
 13361 | D:9      | Reached skill level 5 in Evocations
 13550 | D:9      | Noticed a two-headed ogre
 13557 | D:9      | Killed a two-headed ogre
 13751 | D:10     | Entered Level 10 of the Dungeon
 13947 | D:10     | Found a radiant altar of Vehumet.
 13961 | D:10     | Became a worshipper of Vehumet
 13992 | D:10     | Noticed a red ugly thing
 13993 | D:10     | Noticed a white ugly thing
 13996 | D:10     | Noticed a cyan ugly thing
 13997 | D:10     | Noticed a two-headed ogre
 14000 | D:10     | Mangled by a vampire mosquito

Illustrated notes

Levels and vault maps discovered:
D:1:      lightli_arrival_quake, layout_rooms,
          shapermc_ecumenical_altar_mp_highgroup
D:2:      layout_rooms
D:3:      layout_loops_ring, amcnicky_altar_gilded, uniq_crazy_yiuf_cottage,
          uniq_grinder
D:4:      layout_gridville, minmay_temple_entry_enclosed_plants,
          chequers_mini_garden
D:5:      layout_gridville, nemelex_xobeh_ov_fountains_minmay,
          chequers_ossuary_entry_cave, chequers_serial_rivers_micro_c,
          minivault_1, uniq_duvessa
D:6:      layout_loops_ring, nicolae_qazlal_general_emergency,
          minmay_crystal_room, st_stairs_8, minmay_quadrilaterals
D:7:      layout_basic, serial_shops, nicolae_shop_trees,
          chequers_serial_rivers_large_b
D:8:      layout_cave_pools, dpeg_oklobed_lair, gammafunk_ghost_hydra_chop
D:9:      layout_loops_ring, minmay_alternating_orb
D:10:     cheibrodos_breeding_chamber, layout_basic, doesnt_xom_only_xom,
          mainiacjoe_overflow_catch_the_wave, minmay_mirror_moons_of_madness
Temple:   eino_temple_rhombus

Skill      XL: |  1  2  3  4  5  6  7  8  9 10 11 |
---------------+----------------------------------+-----
Earth Magic    | 4 5 6 7 8 10 | 10.0
Spellcasting   | 3 4 5 6 8 10 11 12 | 12.1
Conjurations   | 4 6 |  6.4
Evocations     | 3 5 |  5.6
Dodging        | |  1.5
Stealth        | |  2.1
Transmutations | |  0.7

Action                   |  1- 3 |  4- 6 |  7- 9 | 10-12 || total
-------------------------+-------+-------+-------+-------++-------
Melee: Club              |   123 |    16 |       |       ||   139
       Short sword       |       |    51 |       |       ||    51
       Mace              |       |     5 |     4 |       ||     9
       Long sword        |       |       |     9 |     7 ||    16
 Cast: Sandblast         |    16 |    14 |    83 |   100 ||   213
       Stone Arrow       |       |    20 |   110 |    42 ||   172
  Use: Scroll            |       |       |     8 |     3 ||    11
 Stab: Sleeping          |     5 |     3 |       |       ||     8
Armor: Robe              |    42 |    34 |    34 |    38 ||   148
Dodge: Dodged            |    70 |    59 |    48 |    54 ||   231
       Rpst.: Long sword |       |       |     3 |    11 ||    14
